Map: Galactic Process LE

Players

HSM

  • Race: Protoss Protoss
  • League: Gold

Nickos - Winner!

  • Race: Terran Terran
  • League: Silver

VOD

Have the link to the VOD?

Description

Time

  • Played on: Sept. 16, 2016, 4:08 a.m.
  • Length: 9:04
Show
View Real Time Build Order
Export as new Build Order

HSM Protoss 

Build Orders:  

Get SALT Encoding   

  12  0:02  Probe (Chrono Boost)  
  13  0:12  Probe (Chrono Boost)  
  14  0:19  Pylon  
  14  0:24  Probe (Chrono Boost)  
  15  0:37  Probe (Chrono Boost)  
  15  0:40  Gateway  
  16  0:47  Probe (Chrono Boost)  
  16  0:48  Assimilator  
  17  0:53  Assimilator  
  17  0:58  Probe (Chrono Boost)  
  18  1:09  Probe (Chrono Boost)  
  19  1:19  Probe (Chrono Boost)  
  20  1:27  Cybernetics Core  
  20  1:30  Probe (Chrono Boost)  
  21  1:40  Probe (Chrono Boost)  
  22  1:52  Probe (Chrono Boost)  
  23  1:58  Warp Gate  
  23  2:07  Pylon  
  23  2:09  Pylon  
  25  2:31  Robotics Facility  
  25  2:32  Mothership Core (Chrono Boost)  
  25  2:34  Robotics Facility  
  25  2:47  Gateway  
  25  2:52  Gateway  
  25  3:02  Pylon  
  25  3:19  Immortal  
  29  3:34  Immortal  
  33  4:01  Stalker x2  
  33  4:02  Stalker  
  39  4:17  Immortal  
  35  4:44  Stalker  
  35  4:45  Stalker  
  33  4:46  Stalker  
  35  4:54  Pylon  
  31  5:25  Stalker  
  31  5:26  Stalker x2  
  35  5:33  Immortal  
  39  5:55  Stalker x3  
  29  6:49  Stalker x2  
  29  6:50  Stalker  
  28  7:16  Nexus  
  24  7:34  Forge  
  24  7:36  Pylon  
  25  7:52  Probe (Chrono Boost)  
  25  8:04  Probe (Chrono Boost), Pylon  
  26  8:16  Probe (Chrono Boost)  
  28  8:28  Probe (Chrono Boost)  
  28  8:40  Probe x2 (Chrono Boost)  
  30  8:41  Nexus  
  30  8:50  Probe (Chrono Boost)  
  30  8:53  Probe (Chrono Boost)  
Show
View Real Time Build Order
Export as new Build Order

Nickos Terran - Winner!

Build Orders:  

Get SALT Encoding   

  12  0:00  SCV  
  13  0:13  SCV  
  14  0:17  Supply Depot  
  14  0:25  SCV  
  15  0:39  SCV  
  15  0:40  Barracks  
  16  0:51  SCV  
  17  1:03  SCV  
  18  1:07  Refinery  
  18  1:15  SCV  
  19  1:27  SCV  
  19  1:28  Marine  
  21  1:35  Command Center  
  21  1:44  Supply Depot  
  21  1:49  Orbital Command  
  20  1:54  Marine  
  21  2:08  Barracks  
  21  2:15  SCV  
  22  2:25  Barracks Reactor  
  22  2:28  Refinery  
  22  2:32  SCV  
  22  2:34  Barracks  
  23  2:45  SCV  
  23  2:48  Orbital Command  
  24  2:56  Barracks Reactor  
  24  2:57  SCV  
  25  3:05  Marine x2  
  27  3:09  SCV  
  28  3:21  SCV x2  
  30  3:28  Factory  
  30  3:31  Marine  
  30  3:32  Barracks Tech Lab  
  30  3:33  SCV x2  
  30  3:34  Marine x3  
  36  3:42  Supply Depot  
  36  3:45  SCV  
  37  3:49  Marine  
  37  3:52  SCV  
  37  3:54  Marine x3  
  43  3:57  Marauder  
  43  4:01  Stimpack  
  43  4:02  SCV  
  45  4:07  Supply Depot, SCV  
  46  4:11  Marine  
  46  4:12  Marine  
  48  4:17  Starport  
  48  4:20  SCV  
  48  4:21  SCV  
  50  4:24  Marine x2  
  46  4:45  Marine x3, SCV x2  
  48  4:46  Marine  
  48  4:47  Factory Reactor  
  48  4:49  Marine  
  52  4:52  Supply Depot  
  52  4:57  Supply Depot, SCV  
  53  5:00  Barracks  
  53  5:02  SCV  
  53  5:04  Medivac  
  55  5:08  Marauder  
  55  5:09  SCV  
  52  5:25  Marine x4  
  55  5:30  SCV x2  
  55  5:31  Supply Depot  
  55  5:34  Supply Depot  
  57  5:39  Engineering Bay  
  57  5:40  Engineering Bay  
  57  5:42  SCV x2  
  57  6:02  Barracks Tech Lab  
  57  6:06  Barracks  
  57  6:07  Supply Depot  
  57  6:09  Supply Depot  
  57  6:10  Terran Infantry Weapons Level 1, Terran Infantry Armor Level 1  
  57  6:11  Marine x4  
  58  6:22  Marine  
  58  6:23  Medivac x2, Marine  
  59  6:34  Marine  
  59  6:35  Marine x3  
  58  6:40  Marine x2  
  58  6:52  Marine x2  
  58  6:53  Medivac x2  
  64  7:03  Marine  
  64  7:04  Marauder x2  
  69  7:14  Supply Depot x2  
  69  7:20  SCV x2  
  71  7:23  Factory Reactor  
  71  7:25  Marauder x2  
  75  7:32  SCV  
  75  7:36  Barracks  
  76  7:37  Marine  
  76  7:38  Barracks, Marine x2  
  76  7:39  Medivac x2  
  76  7:42  Barracks Tech Lab  
  83  7:46  Command Center, Marauder  
  83  7:47  Marauder  
  87  7:58  Supply Depot  
  87  7:59  Supply Depot  
  87  8:00  SCV  
  87  8:04  Marine x2  
  90  8:05  SCV  
  90  8:08  Marauder  
  90  8:11  Marauder  
  95  8:22  Marine x4  
  95  8:23  Medivac  
  101  8:29  Marine  
  101  8:30  Supply Depot  
  101  8:32  Supply Depot, SCV  
  103  8:40  Marauder  
Tags
 
Add a new tag
Caveats
  • Supply blocks, unpowered buildings, or Contaminate may cause inaccurate times.
  • Supply counts are checked every 10 seconds.